 Dungeon Crawl Stone Soup version 0.28-b1-25-g9875b3fc8c (webtiles) character file.

Game seed: 8493044882731797882

1313 styxcanada the Covert (level 8, -2/40 HPs)
             Began as a Spriggan Brigand on Feb 1, 2022.
             Slain by an orc warrior (7 damage)
             ... on level 5 of the Dungeon on Feb 2, 2022.
             The game lasted 00:19:18 (4834 turns).

styxcanada the Covert (Spriggan Brigand)            Turns: 4834, Time: 00:19:18

Health: -2/40      AC:  8    Str:  7    XL:     8   Next: 32%
Magic:  9/9        EV: 24    Int: 12    God:
Gold:   231        SH:  0    Dex: 25    Spells: 7/7 levels left

rFire   . . .      SeeInvis +   a - +3 dagger
rCold   . . .      Faith    .   (no shield)
rNeg    . . .      Spirit   .   b - +0 robe
rPois   .          Reflect  .   (helmet restricted)
rElec   .          Harm     .   c - +1 cloak
rCorr   .          Rampage  .   (gloves unavailable)
Will    +....                   (boots unavailable)
Stlth   +++++.....              k - amulet of magic regeneration
HPRegen 0.13/turn               i - +4 ring of protection
MPRegen 0.51/turn               m - +6 ring of dexterity

@: very quick
A: very small, no large weapons, unfitting armour, see invisible, speed 3
a: no special abilities


You were on level 5 of the Dungeon.
You visited 1 branch of the dungeon, and saw 5 of its levels.

You collected 231 gold pieces.

Inventory:

Hand Weapons
 a - a +3 dagger (weapon)
Missiles
 d - 16 poisoned darts (quivered)
 e - 2 curare-tipped darts
 h - 246 stones
 s - 5 boomerangs
 t - 49 sling bullets
Armour
 b - a +0 robe (worn)
 c - a +1 cloak (worn)
Jewellery
 i - a +4 ring of protection (left hand)
 k - an amulet of magic regeneration (around neck)
 m - a +6 ring of dexterity (right hand)
Wands
 y - a wand of paralysis (8)
Scrolls
 f - a scroll of enchant armour
 o - 3 scrolls of teleportation
 w - 2 scrolls of fear
 x - a scroll of blinking
Potions
 g - a potion of heal wounds
 j - a potion of mutation
 l - a potion of resistance
 n - a potion of lignification {unknown}
 p - a potion of magic {unknown}
 q - 3 potions of brilliance {unknown}
 r - a potion of curing {unknown}
 u - a potion of might {unknown}
 z - a potion of berserk rage {unknown}


   Skills:
 * Level 3.2 Fighting
 + Level 4.6 Short Blades
 + Level 3.1 Throwing
 * Level 7.2 Dodging
 * Level 11.3 Stealth


You had 7 spell levels left.
You didn't know any spells.
Your spell library was empty.

Dungeon Overview and Level Annotations

Branches:
Dungeon (5/15)
 Temple: D:4-7

Altars:
Hepliaklqana


Innate Abilities, Weirdness & Mutations

You are very small and have problems with some larger weapons.
You are too small for most types of armour.
You have supernaturally acute eyesight. (SInv)
You cover ground extremely quickly. (Speed+++)


Message History

As you read the scroll of identify, it crumbles to dust.
j - a potion of mutation
There is an open door here.
You open the door.
There is an open door here.
There is an open door here.
Found 28 bolts.
Found a stone staircase leading up.
You see here 28 bolts.
There is an open door here.
You open the door.
There is an open door here.
You now have 231 gold pieces (gained 13).
t - 49 sling bullets (gained 14)
There is an open door here.
You open the door.
There is an open door here.
There is an open door here.
There is an open door here.
Found a hazy altar of Hepliaklqana.
Unknown command.
Found a faded altar of an unknown god.
You hit the orc warrior but do no damage.
The orc warrior completely misses you.
You hit the orc warrior but do no damage.
You closely miss the orc warrior. Your punch misses the orc warrior.
The orc warrior closely misses you.
You hit the orc warrior but do no damage.
The orc warrior hits you with a +6 flail!!
You completely miss the orc warrior. The orc warrior barely misses you.
You hit the orc warrior but do no damage.
You hit the orc warrior.
You punch the orc warrior, but do no damage.
The orc warrior is lightly wounded.
The orc warrior hits you with a +6 flail!
* * * LOW HITPOINT WARNING * * *
You hit the orc warrior but do no damage.
The orc warrior is lightly wounded.
The orc warrior hits you with a +6 flail!
You die...

###### ######### #.###### ####
#....... ...# #.###### ._.#
#.###### #### ...# #>##....
#.§#######§..## # #.##.###
#.§§§§§§§§§§..... #.##.# #
########.§§§§§§§§§#...8.##.##.###
#.....##.§§§§§§§@§|.....#........
#........§#######o..#####...#.###
......######...##...# #......###
#.....# ##.#.#._.# ##...#....
#.....# #.####...# ##.######
###.### ##.#.##### #.# #.# ##.##
#.# #.## #.# ##'## #..## #.#
##...##


You could see an orc warrior.

Vanquished Creatures
  A two-headed ogre (D:5)
  A water moccasin (D:5)
  A necrophage (D:5)
  An ogre (D:5)
  A scorpion (D:5)
  A howler monkey (D:5)
  A vampire bat (D:4)
  A hound (D:5)
  An iguana (D:5)
  Terence (D:3)
  A hound zombie (D:5)
  A hound skeleton (D:4)
  4 adders
  A shadow imp (D:5)
  An adder zombie (D:5)
  2 worms
  3 dart slugs
  3 fire bats (D:4)
  2 orcs
  2 spectral bats (D:4)
  10 ball pythons
  15 bats
  3 bat skeletons (D:4)
  A bat zombie (D:4)
  7 endoplasms
  3 giant cockroaches
  6 hobgoblins
  2 jackals (D:2)
  5 kobolds
  9 quokkas
  A bat simulacrum (D:4)
  2 frilled lizards
  8 goblins
  4 rats
106 creatures vanquished.

Notes
Turn   | Place    | Note
-------+----------+-------------------------------------------
     0 | D:1      | styxcanada the Spriggan Brigand began the quest for the
                  | Orb.
     0 | D:1      | Reached XP level 1. HP: 10/10 MP: 2/2
    16 | D:1      | Reached skill level 6 in Stealth
   210 | D:1      | Found a faded altar of an unknown god.
   224 | D:1      | Reached XP level 2. HP: 14/14 MP: 3/3
   262 | D:1      | You fall into a shaft and drop 1 floor!
   741 | D:1      | Reached skill level 7 in Stealth
   986 | D:1      | Reached XP level 3. HP: 17/18 MP: 4/4
  1595 | D:2      | Reached XP level 4. HP: 20/23 MP: 5/5
  2280 | D:3      | Noticed Terence
  2287 | D:3      | Killed Terence
  2909 | D:4      | Reached skill level 8 in Stealth
  2934 | D:4      | Reached XP level 5. HP: 23/26 MP: 6/6
  3341 | D:4      | Reached skill level 9 in Stealth
  3583 | D:4      | Reached XP level 6. HP: 30/30 MP: 7/7
  3649 | D:5      | Entered Level 5 of the Dungeon
  3701 | D:5      | Noticed a two-headed ogre
  3759 | D:5      | Killed a two-headed ogre
  3760 | D:5      | Reached skill level 5 in Dodging
  3760 | D:5      | Reached skill level 10 in Stealth
  3760 | D:5      | Reached XP level 7. HP: 24/35 MP: 8/8
  3940 | D:5      | Reached XP level 8. HP: 40/40 MP: 9/9
  4183 | D:5      | Reached skill level 11 in Stealth
  4824 | D:5      | Found a hazy altar of Hepliaklqana.
  4826 | D:5      | Found a faded altar of an unknown god.
  4834 | D:5      | Slain by an orc warrior

Illustrated notes

Levels and vault maps discovered:
D:1:      scummos_arrival_forest, layout_rooms, ebering_ecumenical_altar_webs
D:2:      kb_forest_paths, layout_basic
D:3:      layout_loops_cross, uniq_terence
D:4:      layout_gridville, goddamned_bats
D:5:      layout_loops_corners, beargit_hepliaklqana_dungeon_heroes,
          eino_tiny_chamber

Skill      XL: |  1  2  3  4  5  6  7  8 |
---------------+-------------------------+-----
Stealth        | 6 7 8 9 10 11 | 11.3
Dodging        | 2 3 5 6 7 |  7.2
Fighting       | 2 3 |  3.2
Short Blades   | 3 4 |  4.6
Throwing       | 3 |  3.1

Action                   |  1- 3 |  4- 6 |  7- 9 || total
-------------------------+-------+-------+-------++-------
Melee: Dagger            |   135 |   126 |    58 ||   319
       Punch             |       |       |     3 ||     3
Throw: Dart              |    16 |    15 |     9 ||    40
  Use: Scroll            |       |     9 |     2 ||    11
 Stab: Sleeping          |     8 |    24 |     7 ||    39
Armor: Robe              |    14 |    42 |     7 ||    63
Dodge: Dodged            |   102 |   123 |    29 ||   254
